 Dungeon Crawl Stone Soup version 0.18-a0-943-g2c08dd4 (webtiles) character file.

29 Gorice the Sneak (level 3, -3/18 HPs)
             Began as a Felid Wanderer on Dec 28, 2015.
             Slain by a worker ant (5 damage)
             ... on level 5 of the Dungeon.
             The game lasted 00:08:42 (2445 turns).

Gorice the Sneak (Felid Wanderer)                   Turns: 2445, Time: 00:08:42

Health: -3/18      AC:  1    Str:  9    XL:     3   Next: 1%
Magic:  4/4        EV: 17    Int: 13    God:
Gold:   142        SH:  0    Dex: 15    Spells: 0 memorised, 2 levels left
                                        Lives:  0   Deaths: 1

rFire  . . .     SeeInvis +       - Unarmed
rCold  . . .     Gourm    .     (armour unavailable)
rNeg   . . .     Faith    .     (shield unavailable)
rPois  .         Spirit   .     (helmet unavailable)
rElec  .         Dismiss  .     (cloak unavailable)
rCorr  .         Reflect  .     (gloves unavailable)
SustAt .         Harm     .     (boots unavailable)
MR     .....                    i - amulet of inaccuracy (curse)
Stlth  +++.......               (no ring)
                                (no ring)

@: quick, not resistant to hostile enchantments, fairly stealthy
A: no armour, no weapons or thrown items, claws 1, fangs 3, see invisible,
carnivore 3, speed 1, shaggy fur 1, slow metabolism 1, sharp paws
a: no special abilities


You were on level 5 of the Dungeon.
You were completely stuffed.

You visited 1 branch of the dungeon, and saw 5 of its levels.

You collected 142 gold pieces.

Inventory:

Jewellery
 i - a cursed amulet of inaccuracy (around neck)
Scrolls
 a - 2 scrolls of fear {!r}
 b - 3 scrolls of teleportation {!r}
 e - 2 scrolls of fog
 h - a scroll of identify
 l - a scroll of magic mapping {unknown}
Potions
 d - a potion of agility {!q}
 g - a potion of cancellation {!q}
 j - a potion of lignification {!q}
Comestibles
 c - a meat ration {!e}
 k - a beef jerky


   Skills:
 + Level 4.3 Fighting
 + Level 2.6 Dodging
 + Level 4.6 Stealth
 * Level 3.1 Unarmed Combat


You had 2 spell levels left.
You didn't know any spells.

Dungeon Overview and Level Annotations

Branches:
Dungeon (5/15)
 Temple: D:4-7

Altars:
The Shining One

Annotations:
D:2 Natasha


Innate Abilities, Weirdness & Mutations

You cannot wear armour.
You are incapable of wielding weapons or throwing items.
You have sharp claws.
You have razor-sharp teeth.
You have supernaturally acute eyesight.
You are carnivorous and can eat meat at any time.
You cover ground quickly.
You are covered in fur (AC +1).
You have a slow metabolism.
Your sharp claws are effective at attacking unaware monsters.


Message History

You now have 142 gold pieces (gained 10).
Found a bread ration.
Found 2 tomahawks.
As you open the door, it creaks loudly!
There is an open door here.
Found a robe.
Found a stone staircase leading down.
Found 48 stones.
An ogre comes into view. It is wielding a giant spiked club.
An iguana comes into view.
Found a scroll labeled JEXZAM HUCK.
You open the door.
There is an open door here.
There is a stone staircase leading down here.
You climb downwards.
A worker ant comes into view.
There is a stone staircase leading up here.
The worker ant twitches its antennae in your direction.
Found a stone staircase leading down.
You scratch the worker ant. Your bite misses the worker ant.
The worker ant is moderately wounded.
The worker ant barely misses you. The worker ant bites you!
Damage: 7 (max 7)
You scratch the worker ant.
The worker ant is severely wounded.
The worker ant bites you.
Damage: 1 (max 7)
You closely miss the worker ant.
The worker ant is severely wounded.
The worker ant misses you.
You scratch the worker ant but do no damage.
The worker ant is severely wounded.
The worker ant closely misses you.
You miss the worker ant.
You bite the worker ant, but do no damage.
The worker ant is severely wounded.
The worker ant completely misses you.
You miss the worker ant.
The worker ant is severely wounded.
The worker ant bites you.
Damage: 1 (max 7)
You scratch the worker ant.
The worker ant is severely wounded.
The worker ant bites you!
* * * LOW HITPOINT WARNING * * *
Damage: 7 (max 7)
You scratch the worker ant but do no damage.
The worker ant is severely wounded.
The worker ant bites you.
You die...

........
........
####+#.....#
#....#.....#
#....#.....#
+...>#.....#
#...a#.....+..
#....@<.......
####+#.....##.
..##### ...#
....# .....#
#.....#
....###


You could see a worker ant.

Vanquished Creatures
  Natasha (D:2)
  3 giant geckos
  5 bats
  A giant cockroach (D:3)
  8 hobgoblins
  2 giant newts (D:1)
  7 goblins
  7 kobolds
  5 rats
39 creatures vanquished.

Notes
Turn   | Place    | Note
--------------------------------------------------------------
     0 | D:1      | Gorice the Felid Wanderer began the quest for the Orb.
     0 | D:1      | Gorice set off with: a scroll of fear {!r}, 2 scrolls of teleportation {!r}, a meat ration {!e}
     0 | D:1      | Reached XP level 1. HP: 11/11 MP: 2/2
    64 | D:1      | HP: 3/11 [goblin/club (4)]
    72 | D:1      | HP: 2/11 [bat (1)]
   591 | D:1      | Reached XP level 2. HP: 15/15 MP: 3/3
   604 | D:1      | Reached skill level 2 in Dodging
   984 | D:2      | Noticed Natasha
   989 | D:2      | Killed Natasha
   989 | D:2      | Reached XP level 3. HP: 8/18 MP: 4/4
  1143 | D:2      | Reached skill level 3 in Unarmed Combat
  1302 | D:2      | Noticed Natasha
  2106 | D:3      | Found a glowing golden altar of the Shining One.
  2299 | D:3      | Reached XP level 4. HP: 22/22 MP: 5/5
  2337 | D:3      | HP: 5/22 [gnoll/spear of venom (6)]
  2340 | D:3      | HP: 2/22 [poisoned by a gnoll]
  2343 | D:3      | Succumbed to a gnoll's poison
  2344 | D:3      | Reached XP level 3. HP: 0/18 MP: 4/4
  2407 | D:4      | Noticed an ogre
  2436 | D:5      | Entered Level 5 of the Dungeon
  2444 | D:5      | HP: 2/18 [worker ant (7)]
  2445 | D:5      | Slain by a worker ant

Vault maps used:
D:1:      dpeg_arrival_fog, st_stairs_1
D:2:      uniq_natasha
D:3:      tso_metal_star
D:4:      bloody_makhleb, first_bread, grunt_decor_arrowhead
D:5:      grunt_qazlal_sundering

Action                   |  1- 3 |  4- 6 || total
-------------------------+-------+-------++-------
Melee: Unarmed           |   102 |    12 ||   114
  Use: Potion            |     1 |       ||     1
       Scroll            |     5 |       ||     5
 Stab: Sleeping          |     8 |       ||     8
       Distracted        |     1 |       ||     1
  Eat: Chunk             |    16 |       ||    16

Table legend:
 A = Turns spent in this place as a percentage of turns spent in the entire game.
 B = Non-inter-level travel turns spent in this place as a percentage of non-inter-level travel turns spent in the entire game.
 C = Inter-level travel turns spent in this place as a percentage of turns spent in this place.
 D = Turns resting spent in this place as a percentage of non-inter-level travel turns spent in this place.
 E = Turns spent auto-exploring this place as a percentage of non-inter-level travel turns spent in this place.
 F = Non-inter-level travel turns spent in this place divided by the number of levels of this place that you've seen.
                   A       B       C       D       E      F
               +-------+-------+-------+-------+-------+----------------------
         Total | 100.0 | 100.0 |   0.5 |   3.2 |   3.3 | 199.4
       Dungeon | 100.0 | 100.0 |   0.5 |   3.2 |   3.3 | 199.4
               +-------+-------+-------+-------+-------+----------------------

Vault maps used:
D:1:      dpeg_arrival_fog, st_stairs_1
D:2:      uniq_natasha
D:3:      tso_metal_star
D:4:      bloody_makhleb, first_bread, grunt_decor_arrowhead
D:5:      grunt_qazlal_sundering
